PAA
LANNISTER UNITED LIONHEARTS @ CASPER GHOSTS
08/10/2021
 
TOP OF THE 1ST
Lannister United Lionhearts batting - Pitching for Casper Ghosts : LHP Jim Unknown
Pitching: LHP Jim Unknown
Batting: RHB Tristan Kuhn 0-0: SINGLE (Line Drive, 6MD)
Batting: RHB Carlos Pacheco 0-0: Ball
1-0: Called Strike
1-1: Fly out, F8 (Line Drive, 8LM)
Batting: LHB Kenko Ueda 0-0: Ball
1-0: Called Strike
1-1: Ball
2-1: Ball
3-1: Foul Ball, location: 2F
3-2: Strikes out swinging
Batting: RHB Chris Hopkins 0-0: Ball
1-0: Called Strike
Tristan Kuhn is caught stealing 2nd base
Top of the 1st over - 0 run(s), 1 hit(s), 0 error(s), 0 left on base; Lannister United 0 - Casper 0
BOTTOM OF THE 1ST
Casper Ghosts batting - Pitching for Lannister United Lionhearts : RHP Pedro Rodríguez
Pitching: RHP Pedro Rodríguez
Batting: LHB Terry Johnson 0-0: Called Strike
0-1: Ball
1-1: Ball
2-1: Ball
3-1: Base on Balls
Batting: SHB José Juárez 0-0: Called Strike
0-1: Foul Ball, location: 2F
0-2: SINGLE (Groundball, 5D)
Terry Johnson to second
Batting: RHB Dave Young 0-0: Called Strike
0-1: Called Strike
0-2: Ball
1-2: Grounds into double play, 6-4-3 (Groundball, 6)
Terry Johnson to third
Batting: RHB Lorenzo Díaz 0-0: Called Strike
0-1: Ball
1-1: Fly out, F3 (Popup, 3DF)
Bottom of the 1st over - 0 run(s), 1 hit(s), 0 error(s), 1 left on base; Lannister United 0 - Casper 0
TOP OF THE 2ND
Lannister United Lionhearts batting - Pitching for Casper Ghosts : LHP Jim Unknown
Batting: RHB Chris Hopkins 0-0: Ground out 6-3 (Groundball, 6)
Batting: RHB Joe Runyon 0-0: Called Strike
0-1: Fly out, F8 (Line Drive, 8RM)
Batting: RHB Cale Beazley 0-0: Ball
1-0: Called Strike
1-1: Ball
2-1: Called Strike
2-2: Strikes out swinging
Top of the 2nd over - 0 run(s), 0 hit(s), 0 error(s), 0 left on base; Lannister United 0 - Casper 0
BOTTOM OF THE 2ND
Casper Ghosts batting - Pitching for Lannister United Lionhearts : RHP Pedro Rodríguez
Batting: RHB Seon-keun Kim 0-0: Ground out 6-3 (Groundball, 6)
Batting: RHB Warner Robinson 0-0: Ball
1-0: Ball
2-0: Ball
3-0: Swinging Strike
3-1: Called Strike
3-2: Strikes out swinging
Batting: LHB Harrison Jones 0-0: Ball
1-0: Called Strike
1-1: Foul Ball, location: 2F
1-2: Fly out, F7 (Flyball, 78M)
Bottom of the 2nd over - 0 run(s), 0 hit(s), 0 error(s), 0 left on base; Lannister United 0 - Casper 0
TOP OF THE 3RD
Lannister United Lionhearts batting - Pitching for Casper Ghosts : LHP Jim Unknown
Batting: RHB Edgar Carrillo 0-0: Ball
1-0: Called Strike
1-1: Called Strike
1-2: Ball
2-2: Foul Ball, location: 2F
2-2: Foul Ball, location: 2F
2-2: Hit by Pitch
Batting: RHB Pedro Herrera 0-0: Ball
1-0: Foul Ball, location: 2F
1-1: Ball
2-1: Foul Ball, location: 2F
2-2: Strikes out looking
Batting: RHB Curt Monroe 0-0: Called Strike
0-1: Fly out, F7 (Flyball, 78M)
Batting: RHB Tristan Kuhn 0-0: Ball
1-0: Called Strike
1-1: SINGLE (Line Drive, 89M)
Edgar Carrillo to second
Batting: RHB Carlos Pacheco 0-0: Ball
1-0: Ground out 1-3 (Groundball, 15)
Top of the 3rd over - 0 run(s), 1 hit(s), 0 error(s), 2 left on base; Lannister United 0 - Casper 0
BOTTOM OF THE 3RD
Casper Ghosts batting - Pitching for Lannister United Lionhearts : RHP Pedro Rodríguez
Batting: RHB Juan García 0-0: Ball
1-0: Foul Ball, location: 2F
1-1: Ball
2-1: Swinging Strike
2-2: Ball
3-2: Foul Ball, location: 2F
3-2: SINGLE (Groundball, 4MD)
Batting: RHB Mark Davis 0-0: Called Strike
0-1: Ball
1-1: Foul Ball, location: 2F
1-2: Ball
2-2: Ball
3-2: Base on Balls
Juan García to second
Batting: LHB Terry Johnson 0-0: DOUBLE (Line Drive, 9LD)
Juan García scores
Mark Davis to third
Batting: SHB José Juárez 0-0: Ball
1-0: Ball
2-0: Fly out, F8 (Flyball, 8RD)
Runner from 3rd tags up, SCORES, no throw
Batting: RHB Dave Young 0-0: Swinging Strike
0-1: Ball
1-1: Ball
2-1: Foul Ball, location: 2F
2-2: Ball
3-2: SINGLE (Groundball, 4M)
Terry Johnson to third
Runner from 3rd tries for Home, SAFE, throw made home
Batting: RHB Lorenzo Díaz 0-0: Swinging Strike
0-1: Ball
1-1: Ball
2-1: Foul Ball, location: 2F
2-2: Ball
3-2: Base on Balls
Dave Young to second
Batting: RHB Seon-keun Kim 0-0: Fly out, F9 (Flyball, 89D)
Throwing error, E9
Dave Young scores
Lorenzo Díaz to second
Batting: RHB Warner Robinson 0-0: Foul Ball, location: 2F
0-1: Ball
1-1: Ball
2-1: Ball
3-1: Swinging Strike
3-2: Foul Ball, location: 2F
3-2: Ground out 5-3 (Groundball, 56S)
Bottom of the 3rd over - 4 run(s), 3 hit(s), 1 error(s), 1 left on base; Lannister United 0 - Casper 4
TOP OF THE 4TH
Lannister United Lionhearts batting - Pitching for Casper Ghosts : LHP Jim Unknown
Batting: LHB Kenko Ueda 0-0: Called Strike
0-1: Ball
1-1: SINGLE (Groundball, 34)
Batting: RHB Chris Hopkins 0-0: Called Strike
0-1: Fielders Choice at 2nd, U6 (Groundball, 6M)
Batting: RHB Joe Runyon 0-0: Ball
1-0: Grounds into double play, 5-4-3 (Groundball, 56)
Top of the 4th over - 0 run(s), 1 hit(s), 0 error(s), 0 left on base; Lannister United 0 - Casper 4
BOTTOM OF THE 4TH
Casper Ghosts batting - Pitching for Lannister United Lionhearts : RHP Pedro Rodríguez
Batting: LHB Harrison Jones 0-0: Ball
1-0: Called Strike
1-1: Swinging Strike
1-2: Foul Ball, location: 2F
1-2: Fly out, F7 (Flyball, 78M)
Batting: RHB Juan García 0-0: Fly out, F9 (Flyball, 89M)
Batting: RHB Mark Davis 0-0: Called Strike
0-1: Swinging Strike
0-2: Ball
1-2: Ball
2-2: Ball
3-2: Base on Balls
Batting: LHB Terry Johnson 0-0: Ball
1-0: SINGLE (Line Drive, 34)
Mark Davis to second
Batting: SHB José Juárez 0-0: Called Strike
0-1: Ball
1-1: Called Strike
1-2: Fly out, F6 (Popup, 56)
Bottom of the 4th over - 0 run(s), 1 hit(s), 0 error(s), 2 left on base; Lannister United 0 - Casper 4
TOP OF THE 5TH
Lannister United Lionhearts batting - Pitching for Casper Ghosts : LHP Jim Unknown
Batting: RHB Cale Beazley 0-0: Ball
1-0: Swinging Strike
1-1: Ball
2-1: Foul Ball, location: 2F
2-2: Strikes out swinging
Batting: RHB Edgar Carrillo 0-0: Ball
1-0: SOLO HOME RUN (Flyball, 7D), Distance : 400 ft
Batting: RHB Pedro Herrera 0-0: Swinging Strike
0-1: Foul Ball, location: 2F
0-2: Ball
1-2: Foul Ball, location: 2F
1-2: Foul Ball, location: 2F
1-2: Foul Ball, location: 2F
1-2: Ball
2-2: Strikes out swinging
Batting: RHB Curt Monroe 0-0: Foul Ball, location: 2F
0-1: Ball
1-1: Foul Ball, location: 2F
1-2: Strikes out swinging
Top of the 5th over - 1 run(s), 1 hit(s), 0 error(s), 0 left on base; Lannister United 1 - Casper 4
BOTTOM OF THE 5TH
Casper Ghosts batting - Pitching for Lannister United Lionhearts : RHP Pedro Rodríguez
Batting: RHB Dave Young 0-0: Ball
1-0: Foul Ball, location: 2F
1-1: Swinging Strike
1-2: Ball
2-2: SOLO HOME RUN (Flyball, 7D), Distance : 382 ft
Batting: RHB Lorenzo Díaz 0-0: Fly out, F7 (Flyball, 7M)
Batting: RHB Seon-keun Kim 0-0: Ball
1-0: Called Strike
1-1: Called Strike
1-2: Strikes out swinging
Batting: RHB Warner Robinson 0-0: Ball
1-0: Ball
2-0: Ball
3-0: Called Strike
3-1: SOLO HOME RUN (Flyball, 9LD), Distance : 360 ft
Pitching: RHP Oliver Andrews
Batting: LHB Harrison Jones 0-0: Ball
1-0: Called Strike
1-1: Ball
2-1: Fly out, F9 (Flyball, 9M)
Bottom of the 5th over - 2 run(s), 2 hit(s), 0 error(s), 0 left on base; Lannister United 1 - Casper 6
TOP OF THE 6TH
Lannister United Lionhearts batting - Pitching for Casper Ghosts : LHP Jim Unknown
Batting: RHB Tristan Kuhn 0-0: Called Strike
0-1: Swinging Strike
0-2: Ball
1-2: Strikes out swinging
Batting: RHB Carlos Pacheco 0-0: Ball
1-0: Swinging Strike
1-1: Ball
2-1: Ball
3-1: Fly out, F9 (Flyball, 9M)
Batting: LHB Kenko Ueda 0-0: Ball
1-0: Ground out 1-3 (Groundball, 25)
Top of the 6th over - 0 run(s), 0 hit(s), 0 error(s), 0 left on base; Lannister United 1 - Casper 6
BOTTOM OF THE 6TH
Casper Ghosts batting - Pitching for Lannister United Lionhearts : RHP Oliver Andrews
Batting: RHB Juan García 0-0: Ball
1-0: Swinging Strike
1-1: Fly out, F3 (Popup, 3SF)
Batting: RHB Mark Davis 0-0: Foul Ball, location: 2F
0-1: Ball
1-1: Ball
2-1: SINGLE (Groundball, 6MD)
Batting: LHB Terry Johnson 0-0: Ball
1-0: Called Strike
1-1: Foul Ball, location: 2F
1-2: Ball
2-2: Grounds into double play, U4-3 (Groundball, 4)
Bottom of the 6th over - 0 run(s), 1 hit(s), 0 error(s), 0 left on base; Lannister United 1 - Casper 6
TOP OF THE 7TH
Lannister United Lionhearts batting - Pitching for Casper Ghosts : LHP Jim Unknown
Batting: RHB Chris Hopkins 0-0: Called Strike
0-1: Ball
1-1: SINGLE (Groundball, 6D)
Batting: RHB Joe Runyon 0-0: Called Strike
0-1: Fly out, F4 (Popup, 34)
Batting: RHB Cale Beazley 0-0: Foul Ball, location: 2F
0-1: Foul Ball, location: 2F
0-2: Ball
1-2: Ball
2-2: Grounds into double play, 5-4-3 (Groundball, 5L)
Top of the 7th over - 0 run(s), 1 hit(s), 0 error(s), 0 left on base; Lannister United 1 - Casper 6
BOTTOM OF THE 7TH
Casper Ghosts batting - Pitching for Lannister United Lionhearts : RHP Oliver Andrews
Batting: SHB José Juárez 0-0: Ball
1-0: Ball
2-0: SINGLE (Flyball, 89S)
Batting: RHB Dave Young 0-0: Called Strike
0-1: Ball
1-1: Ball
2-1: Called Strike
2-2: Foul Ball, location: 2F
2-2: Strikes out swinging
Batting: RHB Lorenzo Díaz 0-0: Ball
1-0: Foul Ball, location: 2F
1-1: SINGLE (Groundball, 4MD)
José Juárez to second
Batting: RHB Seon-keun Kim 0-0: Called Strike
0-1: Swinging Strike
0-2: Ball
1-2: Foul Ball, location: 2F
1-2: Strikes out swinging
Batting: RHB Warner Robinson 0-0: SINGLE (Line Drive, 9LS)
José Juárez to third
Lorenzo Díaz to second
Batting: LHB Harrison Jones 0-0: Ball
1-0: Ground out 4-3 (Groundball, 4MS)
Bottom of the 7th over - 0 run(s), 3 hit(s), 0 error(s), 3 left on base; Lannister United 1 - Casper 6
TOP OF THE 8TH
Lannister United Lionhearts batting - Pitching for Casper Ghosts : LHP Jim Unknown
Batting: RHB Edgar Carrillo 0-0: Ball
1-0: SINGLE (Groundball, 56D)
Batting: RHB Pedro Herrera 0-0: Ball
1-0: Fly out, F3 (Popup, 3F)
Batting: RHB Curt Monroe 0-0: Foul Ball, location: 2F
0-1: Fly out, F2 (Popup, 2LF)
Batting: RHB Tristan Kuhn 0-0: Called Strike
0-1: Foul Ball, location: 2F
0-2: Strikes out looking
Top of the 8th over - 0 run(s), 1 hit(s), 0 error(s), 1 left on base; Lannister United 1 - Casper 6
BOTTOM OF THE 8TH
Casper Ghosts batting - Pitching for Lannister United Lionhearts : RHP Oliver Andrews
Batting: RHB Juan García 0-0: Ball
1-0: Called Strike
1-1: Foul Ball, location: 2F
1-2: Ball
2-2: Fly out, F7 (Flyball, 78M)
Pitching: RHP Mauro Marín
Batting: RHB Mark Davis 0-0: Called Strike
0-1: Ball
1-1: Swinging Strike
1-2: Fly out, F4 (Popup, 4)
Batting: LHB Terry Johnson 0-0: Foul Ball, location: 2F
0-1: Ball
1-1: Foul Ball, location: 2F
1-2: Ball
2-2: Ball
3-2: Strikes out swinging
Bottom of the 8th over - 0 run(s), 0 hit(s), 0 error(s), 0 left on base; Lannister United 1 - Casper 6
TOP OF THE 9TH
Lannister United Lionhearts batting - Pitching for Casper Ghosts : LHP Jim Unknown
Pitching: RHP Jim Unknown
Batting: RHB Carlos Pacheco 0-0: Called Strike
0-1: Foul Ball, location: 2F
0-2: Ball
1-2: Ball
2-2: Ground out 6-3 (Groundball, 6M)
Batting: LHB Kenko Ueda 0-0: Called Strike
0-1: Ball
1-1: Ball
2-1: SINGLE (Line Drive, 6MD)
Batting: RHB Chris Hopkins 0-0: Called Strike
0-1: Ball
1-1: Ball
2-1: Ball
3-1: Foul Ball, location: 2F
3-2: Strikes out swinging
Batting: RHB Joe Runyon 0-0: Ball
1-0: Called Strike
1-1: Called Strike
1-2: Ball
2-2: Ground out 6-3 (Groundball, 56)
Top of the 9th over - 0 run(s), 1 hit(s), 0 error(s), 1 left on base; Lannister United 1 - Casper 6
This league is powered by Out of the Park Baseball, the baseball management simulation game for PC, Mac and Linux
Friday, January 22nd, 2016 - OOTP Baseball 16.9 Build 39